 Dungeon Crawl Stone Soup version 0.30-a0-726-gd89dcf765f (webtiles) character file.

Game seed: 14150027173472663696

17806 Bnni the Skirmisher (level 12, -2/99 HPs)
             Began as a Formicid Hexslinger on Jan 29, 2023.
             Was an Elder of Dithmenos.
             Slain by a blink frog (shapeshifter) (11 damage)
             ... on level 12 of the Dungeon.
             The game lasted 00:27:16 (12788 turns).

Bnni the Skirmisher (Formicid Hexslinger)          Turns: 12788, Time: 00:27:16

Health: -2/99      AC: 10    Str: 15    XL:     12   Next: 87%
Magic:  16/16      EV: 18    Int: 16    God:    Dithmenos [****..]
Gold:   657        SH:  0    Dex: 16    Spells: 6/17 levels left

rFire   + . .      SeeInvis +    a - +1 arbalest (flame)
rCold   + . .      Faith    .    (no shield)
rNeg    . . .      Spirit   .    q - +2 robe {rF+}
rPois   .          Reflect  .    (helmet unavailable)
rElec   .          Harm     .    (no cloak)
rCorr   .          Rampage  .    c - +2 pair of gloves
Will    +....                    d - +2 pair of boots
Stlth   ++                       (no amulet)
HPRegen 0.36/turn                j - ring of protection from cold
MPRegen 0.15/turn                A - +5 ring of evasion

@: wreathed by umbra
A: permanent stasis, dig shafts and tunnels, antennae 3, four strong arms
a: Dig, Shaft Self, Renounce Religion, Shadow Step


You were on level 12 of the Dungeon.
You worshipped Dithmenos.
Dithmenos was greatly pleased with you.
You visited 2 branches of the dungeon, and saw 13 of its levels.

You collected 820 gold pieces.
You spent 163 gold pieces at shops.

Inventory:

Hand Weapons
 a - a +1 arbalest of flaming (weapon)
Missiles
 k - 8 poisoned darts
 s - 6 curare-tipped darts
Armour
 c - a +2 pair of gloves (worn)
 d - a +2 pair of boots (worn)
 q - a +2 robe of fire resistance (worn)
 B - a +0 kite shield
Jewellery
 j - a ring of protection from cold (left hand)
 A - a +5 ring of evasion (right hand)
Wands
 g - a wand of iceblast (5)
 y - a wand of flame (12)
 z - a wand of charming (27)
Scrolls
 m - 3 scrolls of enchant armour
 n - 3 scrolls of immolation
 p - 3 scrolls of fear
 t - a scroll of enchant weapon {unknown}
 v - 2 scrolls of magic mapping
 w - 2 scrolls of silence
 x - 3 scrolls of noise {unknown}
 C - a scroll of identify
 D - a scroll of fog {unknown}
 E - a scroll of poison
Potions
 b - 2 potions of lignification {unknown}
 e - a potion of heal wounds
 f - a potion of haste {unknown}
 h - 2 potions of brilliance {unknown}
 i - 6 potions of curing {unknown}
 l - 3 potions of mutation
 o - a potion of flight {unknown}
 r - 2 potions of attraction {unknown}
 u - a potion of might {unknown}


   Skills:
 + Level 10.6 Fighting
 * Level 13.7 Ranged Weapons
 + Level 3.5 Dodging
 + Level 7.1 Shields
 - Level 3.0 Spellcasting
 - Level 10.0 Hexes
 - Level 3.0 Translocations
 - Level 3.0 Fire Magic


You had 6 spell levels left.
You knew the following spells:

 Your Spells              Type           Power      Damage    Failure   Level
a - Slow                  Hex            100%       N/A       1%          1
b - Inner Flame           Hex/Fire       23%        N/A       3%          3
c - Portal Projectile     Hex/Tloc       46%        N/A       3%          3
d - Cause Fear            Hex            17%        N/A       3%          4

Your spell library contained the following spells:

 Spells                   Type           Power      Damage    Failure   Level
 Dazzling Flash           Conj/Hex       36%        N/A       7%          3
 Sublimation of Blood     Necr           2%         N/A       28%         2
 Silence                  Hex/Air        9%         N/A       54%         5
 Petrify                  Tmut/Erth      2%         N/A       88%         4
 Agony                    Necr           2%         N/A       99%         5
 Irradiate                Conj/Tmut      1%         3d12      99%         5
 Chain Lightning          Conj/Air       1%         3d1       100%        9
 Fire Storm               Conj/Fire      3%         8d1       100%        9
 Shatter                  Erth           1%         3d5*      100%        9


Dungeon Overview and Level Annotations

Branches:
Dungeon (12/15)            Temple (1/1) D:5            Lair (0/5) D:11
    Orc (0/2) D:12

Altars:
Ashenzari
Cheibriados
Dithmenos
Elyvilon
Fedhas
Gozag
Hepliaklqana
Kikubaaqudgha
Makhleb
Nemelex Xobeh
Okawaru
Qazlal
Ru
Sif Muna
Trog
Uskayaw
Wu Jian
Xom
Yredelemnul
Zin
The Shining One

Shops:
D:8 (

Portals:
Trove: D:11 (show slimy rune of Zot)


Innate Abilities, Weirdness & Mutations

You cannot be hasted, slowed, berserked, paralysed or teleported.
You can dig through walls and to a lower floor.
You have a pair of large antennae on your head. (SInv)
Your four strong arms can wield two-handed weapons with a shield.


Message History

The blink frog hits you!
The blink frog blinks!
The sphinx hits you!! The sphinx misses you.
The sphinx hits you but does no damage.
Press: ? - help, v - describe, . - travel
Here: a sphinx (umbra)
The floor.
Casting: Inner Flame (mildly dangerous; 3% risk of failure)
Confirm with . or Enter, or press ? or * to list all spells.
Aiming: Slow (safe; 1% risk of failure)
Press: ? - help, Shift-Dir - straight line, f - sphinx
Aim: a sphinx (umbra, chance to affect: 23%)
Okay, then.
Okay, then.
You shoot a bolt. The bolt barely misses the sphinx.
The bolt misses the blink frog.
The sphinx barely misses you. The sphinx hits you. The sphinx hits you!
The centaur warrior simulacrum misses you.
The centaur warrior simulacrum kicks you but does no damage.
The blink frog blinks!
The sphinx misses you. The sphinx hits you. x2
You shoot a bolt.
The bolt hits the centaur warrior simulacrum!
The bolt melts the centaur warrior simulacrum.
The centaur warrior simulacrum is heavily damaged.
The centaur warrior simulacrum completely misses you.
The centaur warrior simulacrum closely misses you.
The sphinx casts a spell.
Something smites you!
You shoot a bolt.
The bolt hits the centaur warrior simulacrum!
The bolt melts the centaur warrior simulacrum.
The centaur warrior simulacrum vaporises!
Dithmenos accepts your kill. The sphinx hits you!
* * * LOW HITPOINT WARNING * * *
The sphinx hits you!
* * * LOW HITPOINT WARNING * * *
The sphinx hits you.
* * * LOW HITPOINT WARNING * * *
The blink frog hits you!
You die...

#.###.....##. ##+###.#.......#.#
{#...##.#.....).#.#
{#.#.##.#.....#....
{#...##.#.....#.#..
{#...##.#.....#...#
{+...##.#....(#....
{#H☼.##.+.....#....
{#@..##.#####'#.#.. {
#F#.##............ {
#...##............ {
##'###..........#. # { {
##...##..........#. ##
##....##..........#.
.#############.....##..........#.
..#)..).[...#.....###..........##
..'.#.....#.'.#).####..#'###.....


You could see a sphinx and a blink frog.

Vanquished Creatures
  A hydra (D:11)
  A centaur warrior (D:12)
  A boulder beetle (D:12)
  A two-headed ogre (D:8)
  Nergalle (D:10)
  A manticore (D:12)
  3 ugly things (D:12)
  A cyclops (D:11)
  An elephant (D:11)
  A gargoyle (D:12)
  Psyche (D:8)
  4 unseen horrors
  A kobold demonologist (D:9)
  3 rime drakes (D:11)
  An efreet (D:12)
  A komodo dragon (D:12)
  A yaktaur (D:12)
  4 trolls
  A slime creature (D:12)
  A centaur simulacrum (D:12)
  4 shadows
  2 wyverns (D:9)
  7 yaks
  2 vampires
  A wraith (D:12)
  A basilisk (D:11)
  6 vampire mosquitoes
  An acid dragon (D:8)
  Duvessa (D:7)
  A water moccasin (D:5)
  A swamp drake (D:12)
  An ice beast (D:5)
  5 orc warriors
  2 black bears
  2 sky beasts
  An ogre (D:12)
  14 centaurs
  2 wolves (D:11)
  2 kobold brigands
  3 bullfrogs
  A necrophage (D:5)
  A gnoll sergeant (D:12)
  2 scorpions (D:6)
  Dowan (D:7)
  20 killer bees
  3 howler monkeys (D:12)
  8 orc priests
  3 hounds
  A gnoll bouda (D:6)
  4 jellies
  2 iguanas
  8 orc wizards
  6 gnolls
  An adder (D:6)
  A shadow imp (D:6)
  3 white imps
  An ufetubus (D:4)
  2 worms
  31 orcs
  10 ball pythons
  6 endoplasms
  8 goblins
  6 hobgoblins
  7 jackals
  A quokka (D:4)
  3 training dummies (D:8)
  3 bats
  2 frilled lizards
  17 kobolds
  A rat (D:2)
252 creatures vanquished.

Vanquished Creatures (others)
  A fungus (D:11)
  2 plants (D:11)
3 creatures vanquished.

Grand Total: 255 creatures vanquished

Notes
Turn   | Place    | Note
-------+----------+-------------------------------------------
     0 | D:1      | Bnni the Formicid Hexslinger began the quest for the Orb.
     0 | D:1      | Reached XP level 1. HP: 15/15 MP: 2/2
    29 | D:1      | Reached XP level 2. HP: 8/21 MP: 1/3
   356 | D:1      | Reached skill level 1 in Fire Magic
   361 | D:1      | Reached XP level 3. HP: 23/26 MP: 4/4
   365 | D:1      | Learned a level 3 spell: Inner Flame
  1710 | D:3      | Reached XP level 4. HP: 32/32 MP: 6/6
  1907 | D:3      | Found a faded altar of an unknown god.
  2859 | D:4      | Reached skill level 3 in Ranged Weapons
  2859 | D:4      | Reached XP level 5. HP: 34/38 MP: 7/7
  2988 | D:4      | Identified the +4 ring mail of Absolutism {Str+4}
  3174 | D:5      | Entered Level 5 of the Dungeon
  3220 | D:5      | Noticed a black bear
  3241 | D:5      | Reached XP level 6. HP: 15/44 MP: 6/8
  3270 | D:5      | Killed a black bear
  3271 | D:5      | Reached skill level 5 in Hexes
  3435 | D:5      | Found a staircase to the Ecumenical Temple.
  3445 | Temple   | Entered the Ecumenical Temple
  3484 | Temple   | Became a worshipper of Dithmenos the Shadowed
  3659 | D:5      | Noticed an ice beast
  3705 | D:5      | Killed an ice beast
  3706 | D:5      | Reached skill level 4 in Ranged Weapons
  3706 | D:5      | Reached XP level 7. HP: 49/51 MP: 6/10
  3803 | D:5      | Noticed a water moccasin
  3812 | D:5      | Killed a water moccasin
  4543 | D:6      | Learned a level 4 spell: Cause Fear
  4547 | D:6      | Learned a level 3 spell: Portal Projectile
  4641 | D:6      | Reached XP level 8. HP: 32/58 MP: 12/12
  4754 | D:6      | Found a stormy altar of Qazlal.
  4754 | D:6      | Found a hazy altar of Hepliaklqana.
  4754 | D:6      | Found a hide-covered altar of Uskayaw.
  4782 | D:6      | Found a glowing silver altar of Zin.
  4819 | D:6      | Reached skill level 5 in Ranged Weapons
  4986 | D:6      | Reached skill level 1 in Translocations
  5927 | D:7      | Noticed Duvessa
  5927 | D:7      | Noticed Dowan
  5967 | D:7      | Reached * piety under Dithmenos
  5990 | D:7      | Killed Duvessa
  5991 | D:7      | Reached skill level 6 in Ranged Weapons
  5992 | D:7      | Killed Dowan
  6231 | D:7      | Reached XP level 9. HP: 28/66 MP: 13/13
  7365 | D:8      | Found Weott's Firing Range.
  7373 | D:8      | Reached skill level 5 in Fighting
  7373 | D:8      | Reached skill level 7 in Ranged Weapons
  7388 | D:8      | Bought 6 curare-tipped darts for 100 gold pieces
  7388 | D:8      | Bought a +0 arbalest for 63 gold pieces
  7413 | D:8      | Noticed a two-headed ogre
  7427 | D:8      | Killed a two-headed ogre
  7449 | D:8      | Noticed Psyche
  7466 | D:8      | Killed Psyche
  7467 | D:8      | Reached skill level 8 in Ranged Weapons
  7467 | D:8      | Reached XP level 10. HP: 60/76 MP: 2/14
  7930 | D:9      | Noticed a kobold demonologist
  7939 | D:9      | Noticed a sixfirhy
  7943 | D:9      | Killed a kobold demonologist
  7944 | D:9      | Reached skill level 9 in Ranged Weapons
  8297 | D:9      | Reached ** piety under Dithmenos
  8888 | D:10     | Entered Level 10 of the Dungeon
  8933 | D:10     | Reached skill level 10 in Ranged Weapons
  8975 | D:10     | Noticed Nergalle
  9009 | D:10     | Killed Nergalle
  9010 | D:10     | Reached skill level 10 in Hexes
  9010 | D:10     | Reached XP level 11. HP: 43/77 MP: 4/15
  9366 | D:10     | Reached skill level 11 in Ranged Weapons
 10117 | D:11     | Noticed an elephant
 10117 | D:11     | Found a staircase to the Lair.
 10153 | D:11     | You fall into a shaft and drop 1 floor!
 10351 | D:12     | Noticed a purple ugly thing
 10355 | D:12     | Noticed a purple ugly thing
 10364 | D:12     | Killed a white ugly thing
 10365 | D:12     | Reached skill level 1 in Shields
 10370 | D:12     | Killed a cyan ugly thing
 10682 | D:12     | Noticed a white ugly thing
 10687 | D:12     | Killed a white ugly thing
 10687 | D:12     | Reached *** piety under Dithmenos
 10731 | D:12     | Found a staircase to the Orcish Mines.
 10767 | D:12     | HP: 4/89 [spore (15)]
 10768 | D:12     | Reached skill level 12 in Ranged Weapons
 11164 | D:12     | Noticed a manticore
 11168 | D:12     | Killed a manticore
 11303 | D:11     | Reached XP level 12. HP: 76/96 MP: 2/16
 11310 | D:11     | Reached skill level 5 in Shields
 11491 | D:11     | Reached skill level 10 in Fighting
 11491 | D:11     | Reached skill level 13 in Ranged Weapons
 11576 | D:11     | Reached **** piety under Dithmenos
 11603 | D:11     | Noticed a seven-headed hydra
 11824 | D:11     | Found a portal to a secret trove of treasure.
 11982 | D:11     | Killed a seven-headed hydra
 12483 | D:12     | Noticed a boulder beetle
 12489 | D:12     | Killed a boulder beetle
 12541 | D:12     | Noticed a centaur warrior
 12553 | D:12     | Killed a centaur warrior
 12784 | D:12     | Noticed a sphinx
 12788 | D:12     | Slain by a blink frog (shapeshifter)

Illustrated notes

Levels and vault maps discovered:
D:1:      dpeg_arrival_three_smaller_balls, layout_basic
D:2:      layout_basic, kennysheep_potato
D:3:      layout_basic, shapermc_ecumenical_altar_pompeii, serial_rivers,
          chequers_serial_rivers_micro_b, chequers_serial_rivers_micro_c,
          chequers_serial_rivers_small_a, chequers_serial_rivers_small_b,
          chequers_serial_rivers_micro_a, chequers_serial_rivers_micro_c,
          minmay_misc_feat_enclosed, minmay_misc_feat_nine_boxes,
          hangedman_glass_teeth
D:4:      layout_loops_cross
D:5:      layout_basic, minmay_temple_entry_statues_pillars
D:6:      layout_loops_corners, grunt_temple_overflow_cloverleaf, moated_statue,
          minivault_26
D:7:      layout_loops_ring, uniq_duvessa
D:8:      layout_basic, nicolae_shop_firing_range, uniq_psyche
D:9:      layout_irregular_city
D:10:     layout_long_grid, uniq_nergalle
D:11:     layout_cave_pools, david_lair_generic,
          portal_ice_cave_entry_animals_and_master,
          nicolae_trove_entry_isolated, chequers_serial_rivers_micro_e
D:12:     evilmike_horseshoe, layout_irregular_city, erik_orc_1,
          minmay_increasing_density, uniq_lodul
Temple:   compressed_dpeg_circular_temple

Skill      XL: |  1  2  3  4  5  6  7  8  9 10 11 12 |
---------------+-------------------------------------+-----
Fire Magic     | 1 2 3 |  3.0
Hexes          | 4 5 6 7 8 10 | 10.0
Ranged Weapons | 3 4 6 8 10 12 13 | 13.7
Fighting       | 2 3 4 6 7 9 10 | 10.6
Spellcasting   | 2 3 |  3.0
Translocations | 2 3 |  3.0
Shields        | 4 7 |  7.1
Dodging        | 3 |  3.5

Action                     |  1- 3 |  4- 6 |  7- 9 | 10-12 || total
---------------------------+-------+-------+-------+-------++-------
  Melee: Arbalest          |       |       |       |     5 ||     5
   Fire: Sling             |   119 |   143 |   338 |       ||   600
         Arbalest          |       |       |    21 |   412 ||   433
         Shortbow          |       |       |    18 |       ||    18
  Throw: Throwing net      |       |       |     1 |     1 ||     2
         Dart              |       |       |       |     4 ||     4
   Cast: Slow              |     3 |     6 |    23 |    15 ||    47
         Inner Flame       |       |     3 |    13 |    18 ||    34
         Cause Fear        |       |       |     4 |     4 ||     8
         Portal Projectile |       |       |     2 |     6 ||     8
Ability: Dig               |       |       |       |     2 ||     2
    Use: Scroll            |       |       |    10 |     1 ||    11
         Potion            |       |       |       |     3 ||     3
 Armour: Robe              |    11 |    37 |    73 |    95 ||   216
  Dodge: Dodged            |    33 |    59 |   172 |   432 ||   696

Table legend: (Time is in decaauts)
 A = Elapsed time spent in this place.
 B = Non-inter-level travel time spent in this place.
 C = Inter-level travel time spent in this place.
 D = Time resting spent in this place.
 E = Time spent auto-exploring this place.
 F = Levels seen in this place.
 G = Mean time per level.
                   A        B        C        D        E       F      G
               +--------+--------+--------+--------+--------+-----+--------+
         Total |  13049 |  12689 |    360 |   1764 |   8466 |  13 | 1003.8 |
       Dungeon |  12971 |  12649 |    322 |   1764 |   8466 |  12 | 1080.9 |
        Temple |     78 |     40 |     38 |      0 |      0 |   1 |   78.0 |
               +--------+--------+--------+--------+--------+-----+--------+

Top non-repeatable levels by time:
    D:12: 1744 daAuts
     D:6: 1475 daAuts
    D:10: 1319 daAuts
     D:8: 1126 daAuts
     D:9: 1104 daAuts
     D:7: 1080 daAuts
     D:5: 948 daAuts
    D:11: 941 daAuts
     D:2: 938 daAuts
     D:1: 793 daAuts
     D:3: 771 daAuts
     D:4: 727 daAuts
  Temple: 78 daAuts
